 Dungeon Crawl Stone Soup version 0.28.0-53-g5a82cb258f (webtiles) character file.

Game seed: 6921837340243638900

6024 safid the Severer (level 10, -9/83 HPs)
             Began as a Hill Orc Fighter on Aug 15, 2022.
             Was a High Priest of Okawaru.
             Mangled by an orc warrior
             ... wielding a +0 war axe
              (25 damage)
             ... while paralysed by an orc sorcerer
             ... on level 1 of the Orcish Mines.
             The game lasted 00:11:37 (10132 turns).

safid the Severer (Hill Orc Fighter)               Turns: 10132, Time: 00:11:37

Health: -9/83      AC: 19    Str: 24    XL:     10   Next: 86%
Magic:  13/13      EV:  2    Int:  8    God:    Okawaru [*****.]
Gold:   512        SH:  0    Dex: 16    Spells: 9/9 levels left

rFire   . . .      SeeInvis .   a - +1 war axe
rCold   . . .      Faith    .   c - +0 buckler
rNeg    . . .      Spirit   .   e - +0 plate armour
rPois   +          Reflect  +   F - +0 helmet
rElec   .          Harm     .   (no cloak)
rCorr   .          Rampage  .   D - +0 pair of gloves
Will    .....                   B - +0 pair of boots
Stlth   ..........              b - amulet of reflection
HPRegen 0.23/turn               g - +6 ring of dexterity
MPRegen 0.13/turn               r - ring of poison resistance

@: confused, paralysed, about to teleport, heroic, ambrosia-drunk, spiked
A: no striking features
a: Renounce Religion, Heroism, Finesse, Duel


You were on level 1 of the Orcish Mines.
You worshipped Okawaru.
Okawaru was extremely pleased with you.
You visited 3 branches of the dungeon, and saw 11 of its levels.

You collected 512 gold pieces.

Inventory:

Hand Weapons
 a - a +1 war axe (weapon)
Missiles
 l - 2 silver boomerangs (quivered)
 t - 3 javelins
 x - 16 poisoned darts
 C - 2 curare-tipped darts
Armour
 c - a +0 buckler (worn)
 e - a +0 plate armour (worn)
 B - a +0 pair of boots (worn)
 D - a +0 pair of gloves (worn)
 F - a +0 helmet (worn)
Jewellery
 b - an amulet of reflection (around neck)
 g - a +6 ring of dexterity (left hand)
 r - a ring of poison resistance (right hand)
Wands
 p - a wand of iceblast (19)
 G - a wand of acid (1)
 H - a wand of flame (8)
 I - a wand of polymorph (5)
Scrolls
 f - a scroll of vulnerability {unknown}
 i - 2 scrolls of holy word
 m - a scroll of enchant weapon
 q - 5 scrolls of teleportation
 u - 3 scrolls of immolation {unknown}
 v - a scroll of noise {unknown}
 y - a scroll of brand weapon {unknown}
 E - 2 scrolls of magic mapping {unknown}
Potions
 d - 3 potions of might
 h - a potion of brilliance {unknown}
 j - 4 potions of flight {unknown}
 k - a potion of invisibility {unknown}
 n - a potion of attraction {unknown}
 o - 2 potions of curing {unknown}
 s - 2 potions of heal wounds {unknown}
 w - 2 potions of ambrosia
 z - 2 potions of resistance {unknown}
 A - a potion of cancellation {unknown}


   Skills:
 + Level 6.2(11.2) Fighting
 - Level 16.0(21.0) Axes
 + Level 3.2(8.2) Throwing
 + Level 5.8(10.8) Armour
 + Level 3.0(8.0) Dodging
 - Level 4.0(9.0) Shields
 + Level 4.8 Invocations
 + Level 3.7 Evocations


You had 9 spell levels left.
You didn't know any spells.
Your spell library contained the following spells:

 Spells                   Type           Power      Damage    Failure   Level
 Magic Dart               Conj           0%         1d3       99%         1
 Static Discharge         Conj/Air       0%         N/A       100%        2
 Confusing Touch          Hex            0%         N/A       100%        3
 Conjure Flame            Conj/Fire      0%         6-21      100%        3
 Ignite Poison            Fire/Tmut/Pois 0%         N/A       100%        3
 Mephitic Cloud           Conj/Pois/Air  0%         N/A       100%        3
 Ozocubu's Armour         Ice            0%         N/A       100%        3
 Portal Projectile        Hex/Tloc       0%         N/A       100%        3
 Dispel Undead            Necr           0%         3d6       100%        4
 Sticky Flame             Conj/Fire      0%         2d3       100%        4
 Blade Hands              Tmut           0%         N/A       100%        5
 Excruciating Wounds      Necr           0%         N/A       100%        5
 Metabolic Englaciation   Hex/Ice        0%         N/A       100%        5
 Yara's Violent Unravell  Hex/Tmut       0%         3d3       100%        5
 Enfeeble                 Hex            0%         N/A       100%        7
 Call Imp                 Summ           Unusable   N/A       N/A         2
 Simulacrum               Ice/Necr       Unusable   N/A       N/A         6

Dungeon Overview and Level Annotations

Branches:
Dungeon (9/15)             Temple (0/1) D:4            Lair (1/6) D:9
    Orc (1/2) D:9

Altars:
Dithmenos
Elyvilon
Fedhas
Makhleb
Okawaru
Qazlal
Ru
Xom
Zin


Message History

The orc sorcerer roars noisily.
The warg closely misses you. You block the orc sorcerer's attack.
You slash the warg!
You kill the warg!
Okawaru accepts your kill.
You hit the orc warrior. You barely miss the orc sorcerer. You hit the orc.
You kill the orc!
Okawaru accepts your kill.
You hit the orc warrior. You hit the orc. You block the orc's attack.
The orc knight unwields a +0 great sword.
The orc knight wields a +0 vorpal arbalest.
The orc knight shoots a bolt.
You reflect the bolt off an invisible shield around you!
The bolt hits the orc knight!!
An orc warrior comes into view. It is wielding a +0 dire flail.
The red devil hits you from afar with a +0 trident!
* * * LOW HITPOINT WARNING * * *
Barbed spikes become lodged in your body.
The orc warrior barely misses you. The orc hits you but does no damage.
An orc comes into view. It is wielding a +0 mace.
You hear a shout! x3
Your base Dodging skill increases to level 3!
As you read the scroll of teleportation, it crumbles to dust.
You feel strangely unstable. You block the orc sorcerer's attack.
The orc barely misses you. The orc warrior closely misses you.
The orc warrior hits you but does no damage. x2
You block the red devil's attack.
The orc knight roars a battlecry!
The orcs go into a battle-frenzy!
The orc hits you from afar with a +0 trident!
* * * LOW HITPOINT WARNING * * *
You block something's attack.
Unknown command.
Okay, then.
You are confused.
You feel invigorated.
The orc sorcerer points at you and mumbles some strange words.
You suddenly lose the ability to move!
The orc warrior hits you with a +0 war axe!!
You die...

.$..#.## ##
....#...##.##
..##.#......##
..........$#.##
....$#.).##...#.
#.....).##.#o...
.........o.o....
......oooo.o.o..
$....4.@.oo.O...
....$..o)4.o....
...#............
................
...#........#.##
...$............
................
...........#..


You could see an orc knight, a rust devil (summoned), 2 orc sorcerers, a red
devil (summoned), 5 orc warriors, an ogre and 5 orcs.

Vanquished Creatures
  A kobold demonologist (D:9)
  A komodo dragon (Lair:1)
  2 blink frogs (Lair:1)
  Sigmund (D:2)
  A wyvern (D:6)
  6 yaks
  A steam dragon (D:9)
  2 wargs (Orc:1)
  An acid dragon (D:9)
  2 water moccasins
  3 orc warriors
  A black bear (D:7)
  An ice beast (D:6)
  2 sky beasts
  3 centaurs
  3 phantoms
  3 kobold brigands
  4 bullfrogs
  3 scorpions
  3 water moccasin zombies
  A water moccasin skeleton (D:6)
  10 killer bees
  3 wights (D:6)
  A centaur zombie (D:6)
  A hound (D:6)
  8 orc priests
  2 bullfrog skeletons
  3 iguanas
  5 orc wizards
  A killer bee zombie (D:8)
  2 howler monkey zombies (D:6)
  6 adders
  A shadow imp (D:8)
  An ufetubus (D:5)
  An adder skeleton (D:4)
  3 worms
  A dart slug (D:1)
  29 orcs
  7 ball pythons
  6 endoplasms
  4 giant cockroaches
  4 goblins
  7 hobgoblins
  9 jackals
  A quokka (D:1)
  6 bats
  2 frilled lizards
  25 kobolds
  A quokka skeleton (D:4)
  6 rats
201 creatures vanquished.

Vanquished Creatures (others)
  4 fungi (D:8)
  4 plants
8 creatures vanquished.

Grand Total: 209 creatures vanquished

Notes
Turn   | Place    | Note
-------+----------+-------------------------------------------
     0 | D:1      | safid the Hill Orc Fighter began the quest for the Orb.
     0 | D:1      | Reached XP level 1. HP: 19/19 MP: 1/1
   312 | D:1      | Reached skill level 3 in Axes
   312 | D:1      | Reached XP level 2. HP: 27/27 MP: 2/2
   887 | D:1      | Reached XP level 3. HP: 33/33 MP: 3/3
  1338 | D:2      | Reached XP level 4. HP: 40/40 MP: 4/4
  1392 | D:2      | Reached skill level 4 in Axes
  1491 | D:2      | Noticed Sigmund
  1506 | D:2      | Killed Sigmund
  1507 | D:2      | Reached skill level 6 in Axes
  1507 | D:2      | Reached XP level 5. HP: 32/46 MP: 5/5
  1840 | D:2      | Found a faded altar of an unknown god.
  1924 | D:2      | Reached XP level 6. HP: 42/52 MP: 6/6
  2073 | D:2      | Reached skill level 7 in Axes
  2428 | D:3      | Found an iron altar of Okawaru.
  2463 | D:3      | Became a worshipper of Warmaster Okawaru
  3431 | D:4      | Noticed a sky beast
  3434 | D:4      | Killed a sky beast
  3449 | D:4      | Reached skill level 8 in Axes
  3508 | D:4      | Found a staircase to the Ecumenical Temple.
  3523 | D:4      | Found a white marble altar of Elyvilon.
  3584 | D:4      | Found a sacrificial altar of Ru.
  3656 | D:4      | Reached skill level 9 in Axes
  3656 | D:4      | Reached XP level 7. HP: 21/59 MP: 7/7
  4161 | D:4      | Reached * piety under Okawaru
  4313 | D:4      | Reached skill level 10 in Axes
  4406 | D:5      | Entered Level 5 of the Dungeon
  4686 | D:5      | Reached XP level 8. HP: 66/66 MP: 8/8
  4743 | D:5      | Reached skill level 11 in Axes
  5527 | D:6      | Reached ** piety under Okawaru
  5528 | D:6      | Reached skill level 12 in Axes
  5539 | D:6      | Identified the +1 ring mail of Patterns {rElec Str+3}
  5774 | D:6      | Reached skill level 13 in Axes
  6068 | D:6      | Reached XP level 9. HP: 59/71 MP: 9/9
  6074 | D:6      | Reached skill level 14 in Axes
  6450 | D:6      | Found a burning altar of Makhleb.
  6849 | D:7      | Reached *** piety under Okawaru
  6850 | D:7      | Reached skill level 15 in Axes
  7130 | D:7      | Reached skill level 16 in Axes
  7133 | D:7      | Reached skill level 1 in Invocations
  7140 | D:7      | Reached skill level 1 in Evocations
  7217 | D:7      | Reached skill level 1 in Throwing
  7227 | D:7      | Reached skill level 1 in Dodging
  7234 | D:7      | Reached XP level 10. HP: 72/80 MP: 11/11
  7640 | D:7      | Reached skill level 5 in Fighting
  7685 | D:8      | Found a glowing silver altar of Zin.
  7734 | D:8      | Found a shadowy altar of Dithmenos.
  7796 | D:8      | Identified the -4 pair of gloves "Xiuttom" {Int+3}
  7827 | D:8      | Found a stormy altar of Qazlal.
  7978 | D:8      | Found a blossoming altar of Fedhas.
  8050 | D:8      | Reached **** piety under Okawaru
  8252 | D:8      | Reached skill level 5 in Armour
  9084 | D:9      | Noticed a kobold demonologist
  9093 | D:9      | Killed a kobold demonologist
  9111 | D:9      | Found a shimmering altar of Xom.
  9405 | D:9      | Found a staircase to the Orcish Mines.
  9626 | D:9      | Found a staircase to the Lair.
  9757 | Lair:1   | Entered Level 1 of the Lair of Beasts
  9843 | Lair:1   | Noticed an eight-headed hydra
 10111 | Orc:1    | Entered Level 1 of the Orcish Mines
 10119 | Orc:1    | Noticed an orc sorcerer
 10121 | Orc:1    | Noticed an orc knight
 10126 | Orc:1    | Reached ***** piety under Okawaru
 10127 | Orc:1    | Noticed an orc sorcerer
 10129 | Orc:1    | Noticed a rust devil
 10132 | Orc:1    | Paralysed by an orc sorcerer for 6 turns
 10132 | Orc:1    | Mangled by an orc warrior

Illustrated notes

Levels and vault maps discovered:
D:1:      beargit_arrival_greenhouse, layout_basic
D:2:      layout_basic, dreamdust_ecumenical_altar_grove, uniq_sigmund
D:3:      layout_basic, mainiacjoe_overflow_24_doors, nrook_mini_vaults,
          chequers_big_river, minmay_misc_feat_square
D:4:      layout_loops_ring, nicolae_overflow_crystal_walls, old_standard_altar,
          minmay_temple_entry_offerings
D:5:      layout_loops_corners
D:6:      layout_rooms, lightli_temple_of_fire
D:7:      layout_rooms
D:8:      layout_layer_cave, grunt_temple_overflow_forces_of_nature,
          mainiacjoe_overflow_concentric_impassable,
          mainiacjoe_overflow_cross_hatched
D:9:      layout_rooms, mainiacjoe_overflow_tiny_flanked, lair_entry_dummy
Lair:1:   layout_cave_shapes, chequers_serial_rivers_micro_b,
          grunt_forest_large_clearing_hut
Orc:1:    layout_caves, gammafunk_ghost_wrathful_warriors, library_closet

Skill      XL: |  1  2  3  4  5  6  7  8  9 10 |
---------------+-------------------------------+-----
Axes           | 3 6 9 10 13 16 | 16.0
Fighting       | 4 6 |  6.2
Armour         | 4 5 |  5.8
Shields        | 4 |  4.0
Invocations    | 2 4 |  4.8
Evocations     | 1 3 |  3.7
Throwing       | 1 3 |  3.2
Dodging        | 1 3 |  3.0

Action                   |  1- 3 |  4- 6 |  7- 9 | 10-12 || total
-------------------------+-------+-------+-------+-------++-------
Melee: War axe           |    95 |    93 |   299 |   197 ||   684
Invok: Heroism           |       |       |       |     1 ||     1
  Use: Potion            |       |     1 |       |     1 ||     2
       Scroll            |       |       |     4 |     1 ||     5
Armor: Scale mail        |    20 |       |       |       ||    20
       Plate armour      |    55 |    48 |   127 |    59 ||   289
Dodge: Dodged            |    41 |     9 |    43 |    53 ||   146
Block: Buckler           |    30 |    13 |   154 |    83 ||   280
       Reflection        |       |       |     3 |     6 ||     9
